 Dungeon Crawl Stone Soup version 0.29-a0-575-g0dc89cf053 (webtiles) character file.

Game seed: 2603928348258310648

67 polve the Cutter (level 4, 0/35 HPs)
             Began as a Demonspawn Abyssal Knight on June 12, 2022.
             Was a Believer of Lugonu.
             Slain by Grinder (3 damage)
             ... while paralysed by Grinder
             ... on level 3 of the Dungeon.
             The game lasted 00:01:41 (3075 turns).

polve the Cutter (Demonspawn Abyssal Knight)        Turns: 3075, Time: 00:01:41

Health: 0/35       AC:  3    Str: 15    XL:     4   Next: 0%
Magic:  5/5        EV:  2    Int: 12    God:    Lugonu [**....]
Gold:   120        SH:  0    Dex: 13    Spells: 3/3 levels left

rFire   . . .      SeeInvis .   i - +2 dagger (venom)
rCold   . . .      Faith    .   (no shield)
rNeg    . . .      Spirit   .   b - +0 leather armour
rPois   .          Reflect  .   (no helmet)
rElec   .          Harm     .   (no cloak)
rCorr   .          Rampage  .   (no gloves)
Will    .....                   (no boots)
Stlth   +.........              (no amulet)
HPRegen 0.11/turn               (no ring)
MPRegen 0.09/turn               (no ring)

@: paralysed
A: powered by death 1
a: Renounce Religion, Depart the Abyss, Bend Space


You were on level 3 of the Dungeon.
You worshipped Lugonu.
Lugonu was pleased with you.
You visited 1 branch of the dungeon, and saw 3 of its levels.
You visited the Abyss 1 time.

You collected 120 gold pieces.

Inventory:

Hand Weapons
 a - a +1 short sword
 i - a +2 dagger of venom (weapon)
Armour
 b - a +0 leather armour (worn)
 n - a +0 helmet
Jewellery
 k - a ring of flight
Scrolls
 c - 2 scrolls of teleportation {unknown}
 e - a scroll of fog {unknown}
 f - a scroll of amnesia {unknown}
 h - 3 scrolls of magic mapping {unknown}
 l - a scroll of silence {unknown}
 m - a scroll of summoning {unknown}
 p - a scroll of fear {unknown}
 q - a scroll of blinking {unknown}
Potions
 d - 2 potions of resistance {unknown}
 g - a potion of mutation {unknown}
 j - a potion of heal wounds {unknown}
 o - a potion of brilliance {unknown}
 r - 2 potions of curing {unknown}


   Skills:
 - Level 3.0 Fighting
 + Level 3.9 Short Blades
 - Level 1.7 Armour
 - Level 0.8 Dodging
 - Level 2.4 Invocations


You had 3 spell levels left.
You didn't know any spells.
Your spell library contained the following spells:

 Spells                   Type           Power      Damage    Failure   Level
 Summon Small Mammal      Summ           0%         N/A       38%         1
 Ensorcelled Hibernation  Hex/Ice        0%         N/A       52%         2
 Passwall                 Tmut/Erth      0%         N/A       52%         2
 Call Canine Familiar     Summ           0%         N/A       77%         3
 Summon Guardian Golem    Hex/Summ       0%         N/A       77%         3
 Swiftness                Air            0%         N/A       77%         3


Dungeon Overview and Level Annotations

Branches:
Dungeon (3/15)

Altars:

Annotations:
D:3 Grinder


Innate Abilities, Weirdness & Mutations

You regenerate a little health from kills.


Message History

You kill the worm!
Lugonu accepts your kill.
You have reached level 4!
You feel clever.
You now have 120 gold pieces (gained 9).
d - 2 glowing inky potions (gained 1)
Found a leather armour.
Found 20 stones.
You see here 20 stones.
Found 10 stones.
Grinder comes into view.
Grinder blinks!
Grinder moves out of view.
No target in view!
No target in view!
No target in view!
No target in view!
No target in view!
No target in view!
No target in view!
No target in view!
Grinder is nearby!
Grinder is nearby!
You closely miss Grinder. You hit Grinder but do no damage.
Grinder gestures at you. You resist with significant effort.
You hit Grinder but do no damage. Grinder gestures at you.
You suddenly lose the ability to move!
Grinder hits you!
You writhe in agony.
Grinder hits you!
You writhe in agony.
Grinder hits you.
* * * LOW HITPOINT WARNING * * *
You writhe in agony.
* * * LOW HITPOINT WARNING * * *
Grinder completely misses you. Grinder hits you.
* * * LOW HITPOINT WARNING * * *
You writhe in agony.
You die...

.....#.#.#
#.##.#.#.#
..##.##.#.#.#
..........#.#
#.##.##.....#
#.##.##.#####
#.......#
####.##.#
#@##.#
......5.##..
##########...
..... #.#.##
#.###


You could see Grinder.

Vanquished Creatures
  2 adders (D:2)
  3 worms
  2 dart slugs (D:2)
  An orc (D:3)
  2 endoplasms (D:2)
  2 giant cockroaches (D:1)
  3 hobgoblins
  A quokka (D:2)
  3 ball pythons
  5 bats
  A frilled lizard (D:1)
  3 goblins (D:2)
  8 kobolds
  2 rats
38 creatures vanquished.

Notes
Turn   | Place    | Note
-------+----------+-------------------------------------------
     0 | Abyss:1  | polve the Demonspawn Abyssal Knight began the quest for the
                  | Orb.
     0 | Abyss:1  | Reached XP level 1. HP: 18/18 MP: 2/2
   121 | Abyss:1  | Noticed an ancient zyme
   235 | Abyss:2  | Noticed an efreet
   235 | Abyss:2  | Noticed a thrashing horror
   237 | D:1      | Escaped the Abyss
   730 | D:1      | Reached ** piety under Lugonu
   789 | D:1      | Found a faded altar of an unknown god.
  1387 | D:2      | Gained mutation: You regenerate a little health from kills.
                  | [demonic ancestry]
  1387 | D:2      | Reached XP level 2. HP: 13/24 MP: 3/3
  1699 | D:2      | Reached XP level 3. HP: 29/29 MP: 4/4
  2127 | D:2      | You fall into a shaft and drop 1 floor!
  2803 | D:3      | Reached XP level 4. HP: 15/35 MP: 5/5
  3064 | D:3      | Noticed Grinder
  3070 | D:3      | Paralysed by Grinder for 5 turns
  3075 | D:3      | Slain by Grinder

Illustrated notes

Levels and vault maps discovered:
D:1:      minmay_arrival_wavy_path, layout_loops_ring,
          ebering_ecumenical_altar_sacrificial, serial_forest,
          infiniplex_forest_clump_tiny, infiniplex_forest_lined_3,
          infiniplex_forest_lined_room_, infiniplex_forest_end_2,
          infiniplex_forest_clump_cross, infiniplex_forest_corner_1,
          infiniplex_forest_clump_double, infiniplex_forest_clump_small,
          infiniplex_forest_lined_3, infiniplex_forest_clump_double
D:2:      minmay_kobold_bridge, layout_basic
D:3:      layout_loops_ring, ebering_ghost_sewer_d, uniq_grinder

Skill      XL: |  1  2 |
---------------+-------+-----
Short Blades   | 2 3 |  3.9
Fighting       | |  3.0
Armour         | |  1.7
Dodging        | |  0.8
Invocations    | |  2.4

Action                   |  1- 3 |  4- 6 || total
-------------------------+-------+-------++-------
Melee: Short sword       |    41 |       ||    41
       Dagger            |    79 |     3 ||    82
       Punch             |     2 |       ||     2
Invok: Depart the Abyss  |     1 |       ||     1
 Stab: Sleeping          |     1 |       ||     1
Armor: Leather armour    |    47 |       ||    47
Dodge: Dodged            |    82 |     1 ||    83

Table legend: (Time is in decaauts)
 A = Elapsed time spent in this place.
 B = Non-inter-level travel time spent in this place.
 C = Inter-level travel time spent in this place.
 D = Time resting spent in this place.
 E = Time spent auto-exploring this place.
 F = Levels seen in this place.
 G = Mean time per level.
                   A        B        C        D        E       F      G
               +--------+--------+--------+--------+--------+-----+--------+
         Total |   3058 |   3004 |     54 |      0 |   2693 |   5 |  611.6 |
       Dungeon |   2821 |   2767 |     54 |      0 |   2474 |   3 |  940.3 |
         Abyss |    237 |    237 |      0 |      0 |    219 |   2 |  118.5 |
               +--------+--------+--------+--------+--------+-----+--------+

Top non-repeatable levels by time:
     D:1: 1123 daAuts
     D:2: 981 daAuts
     D:3: 716 daAuts
 Abyss:1: 134 daAuts
 Abyss:2: 103 daAuts
